 Dungeon Crawl Stone Soup version 0.19.1 (webtiles) character file.

111 Firecrotchwizard the Ruffian (level 4, -1/39 HPs)
             Began as a Naga Transmuter on Dec 15, 2016.
             Slain by an orc (3 damage)
             ... on level 3 of the Dungeon.
             The game lasted 00:07:31 (2631 turns).

Firecrotchwizard the Ruffian (Naga Transmuter)      Turns: 2631, Time: 00:07:32

Health: -1/39      AC:  2    Str: 13    XL:     4   Next: 92%
Magic:  7/7        EV: 10    Int: 13    God:
Gold:   100        SH:  0    Dex: 12    Spells: 3 memorised, 1 level left

rFire  . . .     SeeInvis +       - Unarmed
rCold  . . .     Gourm    .     b - +0 robe
rNeg   . . .     Faith    .     (no shield)
rPois  +         Spirit   .     (no helmet)
rElec  .         Reflect  .     (no cloak)
rCorr  .         Harm     .     (no gloves)
MR     .....                    (no barding)
Stlth  +.........               (no amulet)
                                (no ring)
                                (no ring)

@: very slow
A: see invisible, deformed body, poison resistance, slowness 2, slow metabolism
1, spit poison 1, AC +1
a: Spit Poison


You were on level 3 of the Dungeon.
You were not hungry.

You visited 1 branch of the dungeon, and saw 3 of its levels.

You collected 100 gold pieces.

Inventory:

Missiles
 a - 12 arrows
Armour
 b - a +0 robe (worn)
Scrolls
 e - 4 scrolls of teleportation {unknown}
 g - a scroll of enchant armour {unknown}
 h - a scroll of enchant weapon {unknown}
 j - a scroll of identify {unknown}
Potions
 f - 2 potions of curing {unknown}
 i - a potion of flight {unknown}
 k - a potion of lignification {unknown}
Books
 c - a book of Changes

   Spells                             Type                      Level
   a - Beastly Appendage              Transmutation                1
   b - Sticks to Snakes               Transmutation                2
   c - Spider Form                    Transmutation/Poison         3
   d - Ice Form                       Ice/Transmutation            4
   e - Blade Hands                    Transmutation                5
Comestibles
 d - 2 bread rations
 l - a royal jelly


   Skills:
 + Level 2.0 Fighting
 + Level 1.9 Dodging
 * Level 4.2 Unarmed Combat
 * Level 2.3 Spellcasting
 * Level 2.6 Transmutations


You had one spell level left.
You knew the following spells:

 Your Spells              Type           Power        Failure   Level  Hunger
a - Beastly Appendage     Tmut           #.....       10%         1    #......
b - Sticks to Snakes      Tmut           #.......     14%         2    ###....
c - Spider Form           Tmut/Pois      #.........   52%         3    ###....


Dungeon Overview and Level Annotations

Branches:
Dungeon (3/15)

Altars:


Innate Abilities, Weirdness & Mutations

You cannot wear boots.
Your serpentine skin is tough. (AC +1)
You have supernaturally acute eyesight. (SInv)
Armour fits poorly on your strangely shaped body.
Your system is resistant to poisons. (rPois)
You cover ground very slowly.
You have a slow metabolism.
You can spit poison.


Message History

The orc hits you with a club.
You hit the orc. You punch the orc.
The orc is severely wounded.
The orc closely misses you. The orc barely misses you.
The orc completely misses you.
You barely miss the orc.
The orc is severely wounded.
The orc closely misses you. The orc hits you with a short sword!
* * * LOW HITPOINT WARNING * * *
You barely miss the orc.
The orc is severely wounded.
The orc hits you with a club.
* * * LOW HITPOINT WARNING * * *
The orc hits you.
* * * LOW HITPOINT WARNING * * *
The orc barely misses you.
You hit the orc.
You kill the orc!
The orc hits you.
You die...

.# ## ######.##### .#
#.......[...## .###.##
#........
......###..###.########
......................
......<.........)o.#..##
................@o......
.#..........##..##.#....
............##..# .. .
............##..##...#
.......................
........................
..##.................. .
..##.##...#.#.#.......
..................>..#


You could see 2 orcs.

Vanquished Creatures
  An orc priest (D:3)
  2 adders (D:2)
  3 worms
  A leopard gecko (D:1)
  5 orcs
  A giant cockroach (D:2)
  4 goblins
  6 hobgoblins
  A ball python (D:2)
  8 bats
  6 frilled lizards
  6 kobolds
  7 rats
51 creatures vanquished.

Notes
Turn   | Place    | Note
-------+----------+-------------------------------------------
     0 | D:1      | Firecrotchwizard the Naga Transmuter began the quest for the Orb.
     0 | D:1      | Reached XP level 1. HP: 18/18 MP: 3/3
   460 | D:1      | Reached XP level 2. HP: 20/25 MP: 5/5
   514 | D:1      | Learned a level 2 spell: Sticks to Snakes
  1076 | D:2      | Reached XP level 3. HP: 5/32 MP: 4/6
  1549 | D:2      | Learned a level 3 spell: Spider Form
  1567 | D:2      | Reached skill level 4 in Unarmed Combat
  1762 | D:2      | Reached XP level 4. HP: 9/39 MP: 5/7
  2631 | D:3      | Slain by an orc

Skill      XL: |  1  2  3 |
---------------+----------+-----
Unarmed Combat | 4 |  4.2
Fighting       | 2 |  2.0
Dodging        | |  1.9
Spellcasting   | |  2.3
Transmutations | |  2.6

Action                   |  1- 3 |  4- 6 || total
-------------------------+-------+-------++-------
Melee: Unarmed           |   116 |    39 ||   155
       Headbutt          |     7 |     7 ||    14
       Punch             |     1 |     1 ||     2
 Cast: Beastly Appendage |    21 |     8 ||    29
 Abil: Spit Poison       |     1 |       ||     1
 Stab: Sleeping          |     1 |       ||     1
  Eat: Chunk             |     2 |     2 ||     4
Armor: Robe              |    25 |     2 ||    27
Dodge: Dodged            |    68 |    31 ||    99
